 Dungeon Crawl Stone Soup version 0.23.2-30-g0e89c35649 (webtiles) character file.

Game seed: 15496947885338224484

391 Matador8 the Conjurer (level 6, -2/45 HPs)
             Began as a Draconian Conjurer on June 19, 2019.
             Killed by nerve-wracking pain
             ... invoked by Grinder
              (14 damage)
             ... on level 3 of the Dungeon.
             The game lasted 00:20:22 (4423 turns).

Matador8 the Conjurer (Draconian Conjurer)          Turns: 4423, Time: 00:20:22

Health: -2/45      AC:  9    Str: 10    XL:     6   Next: 50%
Magic:  2/12       EV: 13    Int: 18    God:
Gold:   256        SH:  0    Dex: 11    Spells: 9/13 levels left

rFire    . . .     SeeInvis .   d - +0 dagger (venom)
rCold    . . .     Gourm    .   (no shield)
rNeg     . . .     Faith    .   (armour unavailable)
rPois    .         Spirit   .   (helmet restricted)
rElec    .         Reflect  .   (no cloak)
rCorr    .         Harm     .   (no gloves)
MR       .....                  p - +2 pair of boots
Stlth    ++........             (no amulet)
HPRegen  0.15/turn              (no ring)
MPRegen  0.13/turn              (no ring)

@: no status effects
A: unfitting armour, cold-blooded, AC +6
a: no special abilities


You were on level 3 of the Dungeon.
You were very hungry.

You visited 1 branch of the dungeon, and saw 5 of its levels.

You collected 256 gold pieces.

Inventory:

Hand Weapons
 d - a +0 dagger of venom (weapon)
 r - a +2 hand axe of flaming
 y - a +2 dagger of flaming
Missiles
 v - 9 poisoned needles
Armour
 p - a +2 pair of boots (worn)
Jewellery
 g - an uncursed amulet of rage {unknown}
 h - an uncursed ring of flight {unknown}
 w - a +3 ring of strength {unknown}
Scrolls
 c - 4 scrolls of fog
 f - 2 scrolls of teleportation
 i - a scroll of identify
 l - 2 scrolls of enchant weapon {unknown}
 m - 2 scrolls of amnesia
 n - a scroll of fear {unknown}
 s - a scroll of remove curse {unknown}
 t - a scroll of enchant armour {unknown}
 B - a scroll of blinking {unknown}
Potions
 a - a potion of might {unknown}
 e - 2 potions of haste
 j - a potion of agility {unknown}
 k - a potion of resistance {unknown}
 o - a potion of invisibility {unknown}
 q - 2 potions of curing {unknown}
 u - a potion of cancellation {unknown}
 x - a potion of flight {unknown}
 z - a potion of degeneration {unknown}
Comestibles
 b - 5 rations


   Skills:
 + Level 0.0 Fighting
 - Level 3.0 Short Blades
 - Level 3.0 Dodging
 - Level 1.7 Stealth
 - Level 4.0 Spellcasting
 - Level 5.2 Conjurations
 + Level 0.0 Hexes


You had 9 spell levels left.
You knew the following spells:

 Your Spells              Type           Power        Failure   Level  Hunger
a - Magic Dart            Conj           ###.         1%          1    None
b - Dazzling Spray        Conj/Hex       ##....       16%         3    ###....

Your spell library contained the following spells:

 Spells                   Type           Power        Failure   Level  Hunger
 Searing Ray              Conj           ###...       2%          2    ##.....
 Iskenderun's Mystic Bla  Conj           ###.....     17%         4    ####...
 Force Lance              Conj/Tloc      ##......     45%         4    ####...
 Fulminant Prism          Conj/Hex       ##........   45%         4    ####...


Dungeon Overview and Level Annotations

Branches:
Dungeon (5/15)
 Temple: D:4-7

Altars:
Ashenzari
Makhleb
Wu Jian
Xom

Annotations:
D:3 Grinder


Innate Abilities, Weirdness & Mutations

Your plain brown scales are hard. (AC +6)
You cannot fit into any form of body armour.
You are cold-blooded and may be slowed by cold attacks.


Message History

You can move again.
You hit Grinder.
Grinder is heavily wounded.
Grinder hits you.
You writhe in agony.
You closely miss Grinder.
Grinder is heavily wounded.
Casting: Dazzling Spray (safe; 16% risk of failure)
Confirm with . or Enter, or press ? or * to list all spells.
Aiming: Dazzling Spray (safe; 16% risk of failure)
Press: ? - help, Shift-Dir - straight line, f/p - Grinder
Aim: Grinder (heavily wounded)
The spray of energy misses Grinder.
Grinder gestures at you. Pain shoots through your body!
* * * LOW HITPOINT WARNING * * *
Grinder gestures at you.
You barely resist. Grinder gestures at you. Pain shoots through your body!
You die...

......#..#.#.##.#..#### #.#
......##.#.#.##.#..# #.#
......##........#..########.#
#.....##.#.#.####...........#
#.....##...#..# #...#######.#
#.....###..##.# #...# ###
#.....# #..##.###...############
####'####..##..................#
##......#.......@...#########>##
........'...........# #.###
##......##..........# #....
#......##...5......# ###.#
###.#####>........## #.# #.#
#.........# #.#
####'#####.........# #.#
......#............# #.#
......#...(........# #.#


You could see Grinder.

Vanquished Creatures
  5 crimson imps
  An iguana (D:4)
  A worker ant (D:5)
  A howler monkey skeleton (D:4)
  5 adders
  2 gnolls (D:4)
  An adder zombie (D:5)
  An ooze (D:3)
  3 worms
  A dart slug (D:2)
  2 leopard geckos (D:2)
  8 orcs (D:3)
  4 bats
  4 giant cockroaches
  7 goblins
  8 hobgoblins
  4 jackals (D:5)
  5 kobolds
  2 quokkas
  5 frilled lizards
  A leopard gecko skeleton (D:5)
  A quokka skeleton (D:5)
  8 rats
80 creatures vanquished.

Notes
Turn   | Place    | Note
-------+----------+-------------------------------------------
     0 | D:1      | Matador8 the Draconian Conjurer began the quest for the
                  | Orb.
     0 | D:1      | Reached XP level 1. HP: 14/14 MP: 3/3
   210 | D:1      | Reached skill level 1 in Short Blades
   328 | D:1      | Reached XP level 2. HP: 20/20 MP: 5/5
  1278 | D:2      | Reached XP level 3. HP: 24/26 MP: 3/6
  1389 | D:2      | You fall through a shaft!
  1631 | D:2      | Reached XP level 4. HP: 33/33 MP: 3/7
  2174 | D:3      | Noticed Grinder
  2174 | D:3      | Paralysed by Grinder for 5 turns
  2563 | D:4      | Reached XP level 5. HP: 28/38 MP: 9/9
  3414 | D:5      | Entered Level 5 of the Dungeon
  3423 | D:5      | Noticed an ice beast
  3513 | D:5      | Found a shimmering altar of Xom.
  3548 | D:4      | Reached XP level 6. HP: 36/45 MP: 5/11
  3683 | D:5      | Learned a level 3 spell: Dazzling Spray
  3743 | D:5      | Found an ornate altar of the Wu Jian Council.
  3746 | D:5      | Found a burning altar of Makhleb.
  3748 | D:5      | Found a shattered altar of Ashenzari.
  3944 | D:5      | Reached skill level 5 in Conjurations
  4412 | D:3      | Paralysed by Grinder for 4 turns
  4423 | D:3      | Killed from afar by Grinder

Skill      XL: |  1  2  3  4  5  6 |
---------------+-------------------+-----
Short Blades   | 1 2 3 |  3.0
Dodging        | 2 3 |  3.0
Spellcasting   | 3 4 |  4.0
Conjurations   | 5 |  5.2
Stealth        | |  1.7

Action                   |  1- 3 |  4- 6 || total
-------------------------+-------+-------++-------
Melee: Dagger            |   109 |   172 ||   281
       Unarmed           |     7 |       ||     7
       Tailslap          |    13 |    22 ||    35
 Cast: Magic Dart        |    26 |    43 ||    69
       Dazzling Spray    |       |     4 ||     4
  Use: Scroll            |       |     4 ||     4
 Stab: Sleeping          |     2 |     3 ||     5
       Invisible         |       |     1 ||     1
  Eat: Chunk             |     3 |     4 ||     7
       Ration            |       |     1 ||     1
Armor: Skin              |    48 |    46 ||    94
Dodge: Dodged            |    77 |    85 ||   162
